 Dungeon Crawl Stone Soup version 0.29.1-12-g30fa7ad0bf (webtiles) character file.

Game seed: 16953690229963610240

398 sizableburger the Insei (level 6, -4/34 HPs)
             Began as a Deep Elf Transmuter on Dec 25, 2022.
             Slain by an orc
             ... wielding a +0 flail
              (7 damage)
             ... on level 4 of the Dungeon.
             The game lasted 00:09:33 (4864 turns).

sizableburger the Insei (Deep Elf Transmuter)       Turns: 4864, Time: 00:09:35

Health: -4/34      AC:  3    Str:  7    XL:     6   Next: 53%
Magic:  9/12       EV: 13    Int: 18    God:
Gold:   292        SH:  0    Dex: 17    Spells: 1/11 levels left

rFire   . . .      SeeInvis .     - Unarmed
rCold   . . .      Faith    .   (no shield)
rNeg    . . .      Spirit   .   a - +0 robe
rPois   .          Reflect  .   (no helmet)
rElec   .          Harm     .   (no cloak)
rCorr   .          Rampage  .   (no gloves)
Will    .....                   c - +0 pair of boots
Stlth   ++........              (no amulet)
HPRegen 0.11/turn               (no ring)
MPRegen 0.13/turn               (no ring)

@: brilliant, wereblooded
A: no striking features
a: no special abilities


You were on level 4 of the Dungeon.
You visited 1 branch of the dungeon, and saw 4 of its levels.

You collected 292 gold pieces.

Inventory:

Missiles
 f - 3 throwing nets
Armour
 a - a +0 robe (worn)
 c - a +0 pair of boots (worn)
Scrolls
 h - 3 scrolls of identify {unknown}
 m - a scroll of blinking {unknown}
 n - a scroll of noise {unknown}
 o - a scroll of magic mapping {unknown}
Potions
 b - 2 potions of lignification
 d - a potion of attraction {unknown}
 e - 3 potions of flight
 g - a potion of heal wounds {unknown}
 i - a potion of curing
 j - a potion of berserk rage {unknown}
 k - a potion of brilliance
 l - 2 potions of might


   Skills:
 + Level 1.5 Fighting
 - Level 2.9 Dodging
 + Level 4.4 Unarmed Combat
 - Level 3.0 Spellcasting
 + Level 4.0 Transmutations
 - Level 3.2 Poison Magic


You had one spell level left.
You knew the following spells:

 Your Spells              Type           Power      Damage    Failure   Level
a - Beastly Appendage     Tmut           50%        N/A       3%          1
b - Wereblood             Tmut           25%        N/A       4%          2
c - Spider Form           Tmut/Pois      23%        N/A       11%         3
d - Ice Form              Ice/Tmut       14%        N/A       56%         4

Your spell library contained the following spells:

 Spells                   Type           Power      Damage    Failure   Level
 Dispersal                Tloc           2%         N/A       100%        6
 Disjunction              Tloc           2%         N/A       100%        8


Dungeon Overview and Level Annotations

Branches:
Dungeon (4/15)
 Temple: D:4-7

Altars:
Hepliaklqana


Message History

You kill the ball python!
You hiss as the wereblood boils in your veins!
The orc closely misses you. x2; The orc priest completely misses you.
You hit the orc.
The orc is poisoned.
The orc is lightly wounded.
The orc hits you with a +0 whip. The orc closely misses you.
The orc priest mumbles some strange prayers to Beogh against you.
Beogh smites you!
You hit the orc but do no damage.
The orc is lightly wounded.
The orc completely misses you. The orc priest closely misses you.
The orc closely misses you.
You bite the orc!
You feel a bit better.
You kill the orc!
You hiss as the wereblood boils in your veins!
The orc hits you with a +0 flail. The orc priest completely misses you.
Unknown command.
It was a potion of curing.
You feel better. The orc completely misses you.
The orc priest calls down the wrath of Beogh upon you.
Pain shoots through your body!
* * * LOW HITPOINT WARNING * * *
It was a potion of brilliance.
You feel clever all of a sudden. The quokka misses you.
The orc barely misses you. The orc priest completely misses you.
The quokka barely misses you.
You feel better. The orc hits you but does no damage.
The quokka completely misses you. The orc priest misses you.
The jackal barks!
You hit the orc.
The orc is poisoned.
The orc is heavily wounded.
Your transformation has ended.
Your +0 pair of boots unmelds from your body.
Your +0 robe unmelds from your body.
You hear a bark!
The quokka bites you.
* * * LOW HITPOINT WARNING * * *
The orc priest hits you from afar with a +0 trident.
* * * LOW HITPOINT WARNING * * *
The orc hits you with a +0 flail!
You die...

##................
#......##.#.......
#.....###.........
#.....##...#...##.
#.....#...##...###
..###+####...............##
..........................#
#..............###.........
....#..)@....# #.........
... ###r)o....##......... .
#.o............†....
#.......###..........
#.....#........†.....
....###............#.
#.#..# ##............
...... #...........#
..########..#


You could see an orc priest, an orc (very poisoned) and a quokka.

Vanquished Creatures
  A black bear (D:4)
  A scorpion (D:3)
  A necrophage (D:3)
  A howler monkey (D:4)
  A hound (D:4)
  An orc wizard (D:4)
  2 adders
  3 worms
  3 dart slugs
  3 orcs
  5 ball pythons
  7 endoplasms
  2 goblins
  8 hobgoblins
  2 jackals (D:4)
  2 kobolds
  4 quokkas
  4 bats
  4 frilled lizards
  5 rats
60 creatures vanquished.

Vanquished Creatures (others)
  2 plants (D:1)
2 creatures vanquished.

Grand Total: 62 creatures vanquished

Notes
Turn   | Place    | Note
-------+----------+-------------------------------------------
     0 | D:1      | sizableburger the Deep Elf Transmuter began the quest for
                  | the Orb.
     0 | D:1      | Reached XP level 1. HP: 11/11 MP: 6/6
   719 | D:1      | Reached XP level 2. HP: 11/16 MP: 6/8
   859 | D:1      | Learned a level 2 spell: Wereblood
   990 | D:1      | Found a faded altar of an unknown god.
  1227 | D:2      | Reached skill level 1 in Fighting
  1538 | D:2      | Reached skill level 1 in Poison Magic
  1820 | D:2      | Reached XP level 3. HP: 16/20 MP: 7/9
  2543 | D:2      | Learned a level 3 spell: Spider Form
  3249 | D:3      | Noticed a necrophage
  3259 | D:3      | Killed a necrophage
  3260 | D:3      | Reached XP level 4. HP: 9/25 MP: 8/10
  3483 | D:3      | Noticed a scorpion
  4028 | D:3      | Killed a scorpion
  4029 | D:3      | Reached XP level 5. HP: 23/29 MP: 11/11
  4098 | D:3      | Learned a level 4 spell: Ice Form
  4207 | D:4      | Noticed a black bear
  4220 | D:4      | Killed a black bear
  4221 | D:4      | Reached XP level 6. HP: 26/34 MP: 7/12
  4656 | D:4      | Found a hazy altar of Hepliaklqana.
  4864 | D:4      | Slain by an orc

Illustrated notes

Levels and vault maps discovered:
D:1:      lemuel_arrival_muddy, layout_loops_ring, basic_ecumenical_altar,
          serial_bayou_lake_a
D:2:      layout_loops_corners
D:3:      layout_basic
D:4:      minmay_chambers_of_fours, layout_cave_pools,
          mainiacjoe_overflow_boulevard, chequers_mini_garden,
          grunt_ministairs_3, uniq_menkaure

Skill      XL: |  1  2  3  4  5  6 |
---------------+-------------------+-----
Fighting       | 1 |  1.5
Unarmed Combat | 3 4 |  4.4
Poison Magic   | 1 2 3 |  3.2
Transmutations | 3 4 |  4.0
Dodging        | |  2.9
Spellcasting   | |  3.0

Action                   |  1- 3 |  4- 6 || total
-------------------------+-------+-------++-------
Melee: Unarmed           |   120 |    78 ||   198
       Headbutt          |    17 |     8 ||    25
       Kick              |    22 |    12 ||    34
       Punch             |     2 |       ||     2
 Cast: Beastly Appendage |    30 |     9 ||    39
       Spider Form       |       |     8 ||     8
       Wereblood         |       |     3 ||     3
  Use: Potion            |     3 |     3 ||     6
       Scroll            |     3 |       ||     3
 Stab: Sleeping          |     2 |     1 ||     3
Armor: Robe              |    20 |     1 ||    21
       Skin              |       |     7 ||     7
Dodge: Dodged            |    70 |    89 ||   159
